AoeStats
← houzw2001

Arabia

507718307Analyzed
2v2 RM · 14d ago on Sep 19, 2026· 75m 27s· 4 players
Game mode
Random Map
Map size
Medium (4 player)
Population
200
Speed
Normal
Resources
Standard
Victory
Conquest
Starting age
Dark Age
Ending age
Imperial Age
RankedLock teamsTeams togetherTeam positionsShared explorationLock speedFull tech treeHidden civsTurbo modeCheats
Victory
Defeat
🇨🇳 Celts · China
1000
+48
🇨🇳 Aztecs · China
1000
+48
🇧🇪 Japanese · Belgium
999
-16
🇻🇳 Spanish · Vietnam
993
-16
Wiiner
4:11 Loom
11:22 Feudal Age
16:19 Castle Age
16:04 Stone Mining
43:28 Imperial Age
42:03 Husbandry
44:46 Gold Mining
46:42 Double-Bit Axe
50:32 Bloodlines
51:08 Fletching
53:52 Bodkin Arrow
55:24 Forging
57:09 Ballistics
64:15 Cavalier
65:01 Scale Barding Armor
66:18 Chain Barding Armor
73:06 Plate Barding Armor
S T O R U N G 0
8:39 Loom
10:44 Feudal Age
18:33 Castle Age
18:22 Scale Barding Armor
18:22 Gold Mining
18:19 Double-Bit Axe
26:34 Fletching
27:11 Bow Saw
29:22 Scale Mail Armor
30:48 Horse Collar
32:27 Forging
32:38 Chain Barding Armor
32:36 Chain Mail Armor
35:17 Iron Casting
34:53 Town Watch
36:03 Wheelbarrow
36:55 Stone Mining
37:48 Hand Cart
41:56 Imperial Age
39:57 Thumb Ring
40:28 Padded Archer Armor
40:24 Bodkin Arrow
41:23 Gold Shaft Mining
40:33 Elite Skirmisher
42:00 Town Patrol
42:25 Leather Archer Armor
43:14 Ballistics
44:05 Ring Archer Armor
45:42 Chemistry
46:18 Plate Mail Armor
50:00 Two-Man Saw
48:38 Elite Samurai
50:40 Onager
51:54 Arrowslits
53:20 Heavy Plow
64:42 Guard Tower
64:50 Murder Holes
houzw2001
10:35 Feudal Age
11:35 Double-Bit Axe
15:08 Fletching
16:14 Padded Archer Armor
16:48 Loom
21:04 Castle Age
22:58 Bodkin Arrow
23:14 Forging
23:19 Gambesons
22:54 Pikeman
23:00 Crossbowman
25:19 Wheelbarrow
25:47 Scale Mail Armor
26:40 Leather Archer Armor
29:43 Chain Mail Armor
30:56 Bow Saw
30:36 Horse Collar
32:34 Hand Cart
32:56 Elite Skirmisher
35:44 Ballistics
37:57 Imperial Age
38:13 Onager
39:21 Devotion
40:38 Halberdier
44:35 Heavy Plow
45:06 Gold Mining
44:39 Heavy Cavalry Archer
45:53 Ring Archer Armor
45:58 Iron Casting
46:24 Siege Onager
46:56 Man-at-Arms
47:53 Stronghold
48:24 Conscription
47:40 Long Swordsman
49:54 Blast Furnace
49:25 Plate Mail Armor
51:50 Two-Handed Swordsman
54:57 Plate Mail Armor
54:32 Scale Barding Armor
55:31 Chemistry
56:32 Caravan
56:33 Champion
67:14 Furor Celtica
68:17 Heavy Scorpion
DD人
10:53 Feudal Age
16:40 Fletching
20:27 Castle Age
20:33 Crossbowman
22:54 Gold Mining
32:03 Imperial Age
30:23 Elite Skirmisher
32:02 Loom
34:18 Chemistry
33:24 Eagle Warrior
34:35 Gambesons
34:50 Squires
34:36 Arson
36:08 Double-Bit Axe
39:41 Arbalester
44:21 Garland Wars
44:09 Scale Mail Armor
44:20 Forging
45:08 Conscription
45:22 Onager
46:26 Horse Collar
47:00 Bow Saw
47:32 Elite Jaguar Warrior
48:19 Elite Eagle Warrior
52:03 Bodkin Arrow
52:08 Padded Archer Armor
54:07 Chain Mail Armor
54:28 Iron Casting
55:28 Devotion
55:49 Sanctity
56:29 Plate Mail Armor
57:03 Blast Furnace
55:43 Siege Onager
61:57 Caravan
73:56 Pikeman
Connection lost

Rejoining the realm…

Still unreachable

The connection could not be restored.

Session expired

The server has moved on; the page needs a fresh start.